 Dungeon Crawl Stone Soup version 0.30-a0-950-gbf40cfac39 (webtiles) character file.

Game seed: 1973643011967550541

4708 CrazyBamboolord the Martial Artist (level 10, -10/66 HPs)
             Began as a Merfolk Transmuter on Mar 25, 2023.
             Was a Follower of Hepliaklqana.
             Mangled by a two-headed ogre
             ... wielding a +0 giant club
              (25 damage)
             ... on level 9 of the Dungeon on Mar 28, 2023.
             The game lasted 00:20:44 (9111 turns).

CrazyBamboolord the Martial Artist (MfTm)           Turns: 9111, Time: 00:20:44

Health: -10/66     AC: 12    Str: 10    XL:     10   Next: 45%
Magic:  17/17      EV: 15    Int: 18    God:    Hepliaklqana [*.....]
Gold:   112        SH:  0    Dex: 14    Spells: 9/19 levels left

rFire   + . .      SeeInvis .      - Unarmed
rCold   . . .      Faith    .    (no shield)
rNeg    . . .      Spirit   .    z - +0 steam dragon scales
rPois   .          Reflect  .    s - +0 helmet
rElec   .          Rampage  .    (no cloak)
rCorr   .                        E - +0 pair of gloves
Will    .....                    G - +0 pair of boots
Stlth   ++                       (no amulet)
HPRegen 0.31/turn                l - +4 ring of protection
MPRegen 0.15/turn                t - ring of protection from fire

@: about to teleport
A: reduced essence, (nimble swimmer 2), mertail
a: Renounce Religion, Recall Ancestor, Ancestor Identity


You were on level 9 of the Dungeon.
You worshipped Hepliaklqana.
Hepliaklqana was aware of your devotion.
You visited 2 branches of the dungeon, and saw 10 of its levels.
You also visited: Ossuary.

You collected 485 gold pieces.
You spent 373 gold pieces at shops.

Inventory:

Armour
 n - a +2 robe of cold resistance
 s - a +0 helmet (worn)
 z - +0 steam dragon scales (worn)
 E - a +0 pair of gloves (worn)
 G - a +0 pair of boots (worn)
Jewellery
 l - a +4 ring of protection (left hand)
 t - a ring of protection from fire (right hand)
 C - a ring of see invisible
 F - a ring of ice
Wands
 a - a wand of roots (10)
 g - a wand of digging (4)
Scrolls
 d - 3 scrolls of amnesia
 e - a scroll of poison
 i - 2 scrolls of vulnerability
 j - 5 scrolls of magic mapping
 k - a scroll of fog
 m - 6 scrolls of teleportation
 p - 2 scrolls of fear
 u - 2 scrolls of butterflies
 v - 2 scrolls of enchant weapon
 w - a scroll of torment
 x - a scroll of noise
 y - a scroll of blinking
 B - a scroll of enchant armour
 D - 2 scrolls of immolation
 I - 4 scrolls of identify
Potions
 b - a potion of lignification
 c - 2 potions of attraction
 f - 2 potions of mutation
 h - 6 potions of heal wounds
 o - a potion of haste
 q - 4 potions of degeneration
 r - 2 potions of ambrosia
 A - a potion of magic
 H - a potion of invisibility
 J - 3 potions of curing


   Skills:
 * Level 5.1 Fighting
 * Level 7.0 Dodging
 + Level 2.0 Stealth
 * Level 10.0 Unarmed Combat
 * Level 5.2 Spellcasting
 * Level 6.7 Transmutations
 * Level 4.2 Ice Magic
 * Level 5.5 Poison Magic
 * Level 2.2 Invocations


You had 9 spell levels left.
You knew the following spells:

 Your Spells              Type           Power      Damage    Failure   Level
a - Beastly Appendage     Tmut           58%        N/A       1%          1
b - Spider Form           Tmut/Pois      26%        N/A       3%          3
c - Wereblood             Tmut           29%        N/A       1%          2
d - Ice Form              Ice/Tmut       24%        N/A       14%         4

Your spell library contained the following spells:

 Spells                   Type           Power      Damage    Failure   Level
 Kiss of Death            Conj/Necr      16%        2d6       13%         1
 Sublimation of Blood     Necr           4%         N/A       21%         2
 Confusing Touch          Hex            4%         N/A       36%         3
 Dispel Undead            Necr           4%         3d7       78%         4
 Summon Hydra             Summ           2%         N/A       100%        7


Dungeon Overview and Level Annotations

Branches:
Dungeon (9/15)             Temple (1/1) D:5         Ossuary (visited)
   Lair: D:8-11         Orc: D:9-12

Altars:
Ashenzari
Cheibriados
Dithmenos
Elyvilon
Fedhas
Hepliaklqana
Kikubaaqudgha
Makhleb
Nemelex Xobeh
Okawaru
Qazlal
Ru
Trog
Uskayaw
Vehumet
Wu Jian
Xom
Yredelemnul
Zin
The Shining One

Shops:
D:8 !?==*

Annotations:
D:8 3 runed translucent doors, soepkip's ghost, novice DECj


Innate Abilities, Weirdness & Mutations

Your life essence is reduced to manifest your ancestor. (-10% HP)
((You are very nimble when in or above water. (Stealth+, EV+, Speed+++)))
Your lower body shifts to a powerful aquatic tail in water.


Message History

The elephant is almost dead.
The kobold closely misses you. The elephant tramples you!
You stumble backwards!
You barely miss the elephant. Your headbutt misses the elephant.
The elephant is almost dead.
You punch the elephant!
You kill the elephant!
Your Dodging skill increases to level 7!
Your Stealth skill increases to level 2!
Your Unarmed Combat skill increases to level 10!
You hit the kobold.
You kill the kobold!
Items here: ( ) ††.
Your transformation is almost over.
An orc wizard comes into view. It is wielding a +0 dagger.
An orc wizard is nearby!
An orc priest comes into view. It is wielding a +0 flail.
There is a stone staircase leading down here.
Your horns disappear.
Your +0 helmet unmelds from your body.
Your +0 pair of boots unmelds from your body.
A two-headed ogre comes into view. It is wielding two +0 giant clubs.
The two-headed ogre shouts in stereo!
The two-headed ogre attacks as you move away!
The two-headed ogre misses you.
The two-headed ogre completely misses you.
A hornet comes into view.
The two-headed ogre attacks as you move away!
The two-headed ogre completely misses you.
The two-headed ogre hits you with a +0 giant club!
As you read the scroll of teleportation, it crumbles to dust.
You feel strangely unstable.
The two-headed ogre attacks as you move away!
The two-headed ogre hits you with a +0 giant club!
* * * LOW HITPOINT WARNING * * *
The two-headed ogre closely misses you.
The hornet buzzes angrily.
The two-headed ogre attacks as you move away!
The two-headed ogre hits you with a +0 giant club!!
You die...

#..#
#..#####
#..#
#.......
#..# #.....
#..#####..#
#.........#
#..#####..#
#..# #..#
#.O# #..#
#.@# #..#
#..# #..#
#.y# #.>#
#..# #..# #
#..#
#..########.
...#
#...........
...#
#...........
....#
#>.).......#
#...)).....#


You could see a two-headed ogre and a hornet.

Vanquished Creatures
  An elephant (D:9)
  Maggie (D:7)
  Prince Ribbit (D:7)
  Sigmund (D:3)
  A wyvern (D:8)
  A steam dragon (D:7)
  2 water moccasins
  An acid dragon (D:8)
  2 ice beasts (D:5)
  3 hornet zombies (Ossuary)
  2 sky beasts
  2 black bears
  2 ogres
  A centaur (D:7)
  A wyvern zombie (Ossuary)
  A bullfrog (D:7)
  5 scorpions
  4 wights (D:6)
  A howler monkey (D:6)
  5 bullfrog zombies (Ossuary)
  2 centaur zombies (Ossuary)
  A hound (D:5)
  2 orc priests
  2 jellies
  3 sleepcaps
  Jessica (D:3)
  Ijyb (D:3)
  3 orc wizards
  Natasha (thrice) (D:3)
  2 killer bee zombies (Ossuary)
  11 mummies (Ossuary)
  A howler monkey zombie (Ossuary)
  4 gnolls
  4 adders
  A white imp (D:7)
  2 worms (D:4)
  6 dart slugs
  15 orcs
  2 bats
  5 endoplasms
  A giant cockroach (D:2)
  7 goblins
  4 hobgoblins
  4 quokkas
  5 ball pythons
  5 frilled lizards
  A goblin zombie (D:8)
  4 kobolds
  8 rats
  A rat zombie (D:8)
149 creatures vanquished.

Vanquished Creatures (collateral kills)
  A hornet zombie (Ossuary)
  A water moccasin zombie (Ossuary)
  2 bullfrog zombies (Ossuary)
  3 mummies (Ossuary)
  A killer bee zombie (Ossuary)
8 creatures vanquished.

Vanquished Creatures (others)
  2 ancestors (Ossuary)
  3 withered plants (Ossuary)
5 creatures vanquished.

Grand Total: 162 creatures vanquished

Notes
Turn   | Place    | Note
-------+----------+-------------------------------------------
     0 | D:1      | CrazyBamboolord the Merfolk Transmuter began the quest for
                  | the Orb.
     0 | D:1      | Reached XP level 1. HP: 15/15 MP: 3/3
   264 | D:1      | Reached XP level 2. HP: 21/21 MP: 3/5
   633 | D:1      | Reached skill level 4 in Unarmed Combat
   633 | D:1      | Reached XP level 3. HP: 23/26 MP: 4/6
   639 | D:1      | Learned a level 3 spell: Spider Form
   642 | D:1      | Learned a level 2 spell: Wereblood
  1289 | D:2      | Found a faded altar of an unknown god.
  1659 | D:2      | Reached XP level 4. HP: 30/33 MP: 7/7
  2465 | D:3      | Noticed Sigmund
  2482 | D:3      | Killed Sigmund
  2483 | D:3      | Reached skill level 1 in Poison Magic
  2483 | D:3      | Reached XP level 5. HP: 32/38 MP: 2/9
  2483 | D:3      | Reached XP level 6. HP: 37/44 MP: 2/10
  2587 | D:3      | Noticed Jessica
  2594 | D:3      | Killed Jessica
  2657 | D:3      | Noticed Ijyb
  2677 | D:3      | Killed Ijyb
  2678 | D:3      | Reached skill level 5 in Unarmed Combat
  2963 | D:3      | Noticed Natasha
  2971 | D:3      | Killed Natasha
  3010 | D:3      | Found an iron altar of Okawaru.
  3260 | D:3      | Noticed Natasha
  3269 | D:3      | Killed Natasha
  3362 | D:3      | Noticed Natasha
  3378 | D:3      | Killed Natasha
  3524 | D:4      | Reached XP level 7. HP: 24/51 MP: 12/12
  3988 | D:4      | Reached skill level 1 in Stealth
  3995 | D:4      | Learned a level 4 spell: Ice Form
  4197 | D:5      | Entered Level 5 of the Dungeon
  4267 | D:5      | Reached skill level 5 in Transmutations
  4280 | D:5      | Reached skill level 6 in Unarmed Combat
  4401 | D:5      | Reached skill level 1 in Ice Magic
  4401 | D:5      | Reached XP level 8. HP: 25/57 MP: 13/13
  4403 | D:5      | Found a white marble altar of Elyvilon.
  4762 | D:5      | You fall into a shaft and drop 2 floors!
  4775 | D:7      | Identified the +9 dagger of Fatigue {elec, rPois Str+3}
  4781 | D:7      | Noticed Prince Ribbit
  4811 | D:7      | Killed Prince Ribbit
  4812 | D:7      | Reached skill level 5 in Dodging
  4913 | D:7      | Found a glowing golden altar of the Shining One.
  4915 | D:7      | Found a shadowy altar of Dithmenos.
  4917 | D:7      | Noticed Maggie
  4940 | D:7      | Killed Maggie
  4941 | D:7      | Reached skill level 7 in Unarmed Combat
  5212 | D:7      | Reached XP level 9. HP: 48/65 MP: 15/15
  5368 | D:7      | Found a broken altar of Ashenzari.
  5566 | D:6      | Reached skill level 8 in Unarmed Combat
  6053 | D:5      | Found a staircase to the Ecumenical Temple.
  6060 | D:5      | Identified the +5 hand axe of Agony {heavy, rCorr}
  6223 | Temple   | Entered the Ecumenical Temple
  6249 | Temple   | Became a worshipper of Hepliaklqana the Forgotten
  6702 | D:6      | Upgraded the game from 0.30-a0-939-gc8157cb160 to
                  | 0.30-a0-950-gbf40cfac39
  7192 | D:8      | Reached * piety under Hepliaklqana
  7197 | D:8      | Found a sand-covered staircase.
  7205 | Ossuary  | Entered an ossuary
  7349 | Ossuary  | Reached skill level 1 in Invocations
  7354 | Ossuary  | Reached skill level 9 in Unarmed Combat
  7354 | Ossuary  | Reached skill level 5 in Spellcasting
  7609 | Ossuary  | Reached XP level 10. HP: 59/65 MP: 15/17
  7672 | Ossuary  | Reached skill level 5 in Poison Magic
  7919 | D:8      | Found Iddysm's Magic Scroll Boutique.
  7924 | D:8      | Bought a scroll of magic mapping for 82 gold pieces
  7924 | D:8      | Bought a scroll of enchant armour for 82 gold pieces
  8063 | D:8      | Found a runed translucent gate.
  8064 | D:8      | Found a runed translucent gate.
  8064 | D:8      | Noticed soepkip's ghost (novice DECj)
  8065 | D:8      | Found a runed translucent gate.
  8076 | D:8      | Found a sparkling altar of Nemelex Xobeh.
  8155 | D:8      | Noticed a kobold demonologist
  8217 | D:8      | Found Weped's Distillery.
  8227 | D:8      | Bought a potion of heal wounds for 55 gold pieces
  8227 | D:8      | Bought a potion of curing for 33 gold pieces
  8227 | D:8      | Bought a potion of curing for 33 gold pieces
  8227 | D:8      | Bought a potion of curing for 33 gold pieces
  8227 | D:8      | Bought a potion of heal wounds for 55 gold pieces
  8290 | D:8      | Found Eshu's Jewellery Emporium.
  8360 | D:8      | Found Vievox's Jewellery Boutique.
  8644 | D:8      | Found Ibbaoso's Assorted Antiques.
  8778 | D:9      | Noticed an elephant
  8782 | D:9      | Found a basalt altar of Yredelemnul.
  8997 | D:9      | Reached skill level 5 in Fighting
  9073 | D:9      | Killed an elephant
  9074 | D:9      | Reached skill level 10 in Unarmed Combat
  9104 | D:9      | Noticed a two-headed ogre
  9111 | D:9      | Mangled by a two-headed ogre

Illustrated notes

Levels and vault maps discovered:
D:1:      lightli_arrival_flooded_house, layout_loops_ring,
          minmay_misc_feat_hallway
D:2:      layout_basic, shapermc_ecumenical_altar_totnotflames,
          minmay_misc_feat_pillars, minmay_door_square,
          minmay_fractal_squares_gapless_5
D:3:      layout_basic, okawaru_ov_weapons_minmay, uniq_natasha, uniq_sigmund,
          uniq_jessica, uniq_ijyb
D:4:      layout_basic
D:5:      layout_basic, elyvilon_altar_3, minmay_temple_entry_purple_smoke,
          st_stairs_3
D:6:      layout_basic, minmay_misc_feat_nine_boxes
D:7:      layout_loops_ring, grunt_temple_overflow_open,
          cheibrodos_ashenzari_chains, uniq_maggie, uniq_prince_ribbit1
D:8:      layout_loops_ring, nemelex_diamond_rough_becter, enter_ossuary_4,
          gammafunk_ghost_nasty_kobolds, serial_shops, kennysheep_mini_moat,
          shop_statue, shop, nicolae_shop_hallway_plus, nicolae_take_the_stairs,
          nrook_mini_vaults
D:9:      layout_long_grid, general_overflow_altar, david_lair_generic,
          water_maze_lemuel
Temple:   hellmonk_temple_of_storms

Skill      XL: |  1  2  3  4  5  6  7  8  9 10 |
---------------+-------------------------------+-----
Transmutations | 3 4 5 6 |  6.7
Dodging        | 3 4 5 6 7 |  7.0
Unarmed Combat | 4 5 6 7 9 10 | 10.0
Fighting       | 2 3 4 5 |  5.1
Spellcasting   | 3 4 5 |  5.2
Poison Magic   | 1 3 4 5 |  5.5
Stealth        | 1 2 |  2.0
Ice Magic      | 1 2 3 4 |  4.2
Invocations    | 1 2 |  2.2

Action                     |  1- 3 |  4- 6 |  7- 9 | 10-12 || total
---------------------------+-------+-------+-------+-------++-------
  Melee: Unarmed           |    95 |    97 |   368 |   144 ||   704
         Headbutt          |    12 |    21 |    45 |    32 ||   110
         Punch             |     2 |     2 |     6 |    12 ||    22
         Tailslap          |       |       |       |     2 ||     2
   Cast: Beastly Appendage |    24 |    21 |    28 |    11 ||    84
         Spider Form       |       |     2 |     6 |       ||     8
         Wereblood         |       |     1 |     1 |       ||     2
         Ice Form          |       |       |     5 |       ||     5
 Invoke: Ancestor Identity |       |       |     1 |       ||     1
    Use: Scroll            |       |     5 |     7 |    10 ||    22
         Potion            |       |     1 |     3 |     2 ||     6
   Stab: Sleeping          |     2 |     1 |     2 |     3 ||     8
 Armour: Robe              |    14 |    23 |    33 |       ||    70
         Skin              |       |     2 |    21 |       ||    23
         Steam dragon scal |       |       |    41 |    47 ||    88
  Dodge: Dodged            |    42 |    49 |   217 |   104 ||   412

Table legend: (Time is in decaauts)
 A = Elapsed time spent in this place.
 B = Non-inter-level travel time spent in this place.
 C = Inter-level travel time spent in this place.
 D = Time resting spent in this place.
 E = Time spent auto-exploring this place.
 F = Levels seen in this place.
 G = Mean time per level.
                   A        B        C        D        E       F      G
               +--------+--------+--------+--------+--------+-----+--------+
         Total |   8991 |   8603 |    388 |    487 |   6447 |  11 |  817.4 |
       Dungeon |   8332 |   7964 |    368 |    334 |   6237 |   9 |  925.8 |
        Temple |     47 |     27 |     20 |      0 |     12 |   1 |   47.0 |
       Ossuary |    611 |    611 |      0 |    153 |    197 |   1 |  611.0 |
               +--------+--------+--------+--------+--------+-----+--------+

Top non-repeatable levels by time:
     D:2: 1436 daAuts
     D:8: 1087 daAuts
     D:5: 1074 daAuts
     D:7: 1066 daAuts
     D:3: 1058 daAuts
     D:1: 924 daAuts
     D:4: 755 daAuts
     D:6: 735 daAuts
 Ossuary: 611 daAuts
     D:9: 194 daAuts
  Temple: 47 daAuts
